AoeStats
← ME_DEPRIME_JUGAR_CON_USTEDES

Fortress

509503760Analyzed
4v4 RM · 4d ago on Sep 27, 2026· 38m 27s· 8 players
Game mode
Random Map
Map size
Huge
Population
200
Speed
Normal
Resources
Standard
Victory
Conquest
Starting age
Dark Age
Ending age
Imperial Age
RankedLock teamsTeams togetherTeam positionsShared explorationLock speedFull tech treeHidden civsTurbo modeCheats
Victory
Defeat
🇵🇹 Hindustanis · Portugal
1785
+5
🇵🇹 Spanish · Portugal
1720
+6
🇵🇹 Maya · Portugal
1677
+7
🇧🇷 Tatars · Brazil
1674
+7
1598
-9
🇦🇷 Japanese · Argentina
1498
-7
🇦🇷 Dravidians · Argentina
1459
-6
🇦🇷 Koreans · Argentina
1301
-3
Darkwynn
7:47 Feudal Age
11:20 Castle Age
9:23 Double-Bit Axe
9:52 Horse Collar
10:07 Fletching
10:50 Padded Archer Armor
12:06 Bodkin Arrow
14:25 Bow Saw
16:55 Heavy Plow
17:44 Loom
19:58 Fervor
21:11 Wheelbarrow
20:21 Town Watch
21:05 Gold Mining
25:48 Imperial Age
24:03 Hand Cart
25:11 Scale Mail Armor
25:21 Forging
25:07 Eagle Warrior
25:48 Squires
25:33 Arson
26:09 Chain Mail Armor
25:59 Capped Ram
27:34 Iron Casting
28:16 Plate Mail Armor
27:52 Elite Eagle Warrior
29:37 Conscription
29:17 Siege Ram
31:21 Holcans
32:09 Blast Furnace
32:21 Bracer
34:33 Hoardings
34:43 Ballistics
35:23 Chemistry
38:54 Caravan
39:05 Guilds
Sung Jinwoo
8:15 Feudal Age
9:33 Double-Bit Axe
10:01 Horse Collar
12:21 Castle Age
13:41 Bow Saw
17:46 Heavy Plow
19:07 Wheelbarrow
19:49 Gold Mining
21:04 Hand Cart
25:55 Imperial Age
24:02 Gold Shaft Mining
24:06 Scale Barding Armor
24:43 Husbandry
25:20 Bloodlines
25:31 Chain Barding Armor
25:38 Forging
27:31 Plate Barding Armor
28:04 Iron Casting
27:29 Elite Keshik
29:09 Fletching
30:20 Chemistry
31:06 Blast Furnace
31:13 Conscription
31:11 Bodkin Arrow
31:49 Ballistics
34:13 Caravan
38:17 Coinage
37:58 Guilds
Kold
7:59 Feudal Age
11:49 Castle Age
9:40 Horse Collar
10:15 Double-Bit Axe
11:02 Padded Archer Armor
11:16 Gold Mining
15:38 Bow Saw
18:44 Heavy Plow
18:44 Loom
20:57 Wheelbarrow
25:32 Imperial Age
23:18 Stone Mining
23:27 Town Watch
25:20 Leather Archer Armor
25:27 Hand Cart
27:03 Ring Archer Armor
26:58 Conscription
26:51 Scale Mail Armor
26:13 Pikeman
26:54 Squires
27:49 Bloodlines
28:31 Fletching
28:57 Chain Mail Armor
29:29 Bodkin Arrow
30:55 Onager
35:50 Elite Conquistador
38:49 Chemistry
38:19 Ballistics
Mr Greed
8:49 Feudal Age
9:24 Double-Bit Axe
9:20 Horse Collar
9:55 Gold Mining
12:23 Castle Age
14:15 Bow Saw
14:19 Scale Mail Armor
17:07 Wheelbarrow
20:58 Forging
21:36 Chain Mail Armor
23:52 Forging
28:36 Imperial Age
26:57 Gold Shaft Mining
26:22 Heavy Plow
27:23 Padded Archer Armor
28:06 Hand Cart
28:16 Loom
28:19 Town Watch
28:44 Stone Mining
30:21 Chemistry
31:00 Leather Archer Armor
32:25 Conscription
32:07 Shatagni
33:57 Two-Man Saw
35:10 Ring Archer Armor
35:57 Caravan
37:26 Heavy Plow
JLoops
7:32 Feudal Age
11:14 Castle Age
9:17 Double-Bit Axe
9:12 Horse Collar
12:39 Bow Saw
12:29 Heavy Plow
17:38 Wheelbarrow
18:24 Gold Mining
19:36 Hand Cart
23:33 Imperial Age
21:32 Gold Mining
22:03 Fletching
22:43 Medical Corps
22:25 Loom
23:09 Bodkin Arrow
23:29 Padded Archer Armor
24:27 Husbandry
23:48 Elite Elephant Archer
25:34 Two-Man Saw
24:47 Bracer
26:07 Chemistry
25:55 Thumb Ring
26:50 Leather Archer Armor
27:49 Conscription
28:48 Ballistics
29:08 Masonry
29:40 Ring Archer Armor
29:20 Stone Mining
29:49 Town Watch
36:46 Forging
36:58 Scale Mail Armor
menos que Corky
7:28 Feudal Age
12:06 Castle Age
10:56 Double-Bit Axe
11:27 Horse Collar
16:01 Heavy Plow
19:02 Fletching
20:14 Wheelbarrow
24:57 Imperial Age
23:05 Bodkin Arrow
25:46 Bracer
26:50 Chemistry
26:44 Ballistics
25:57 Capped Ram
37:12 Hand Cart
37:39 Hand Cart
Nikems
6:34 Feudal Age
7:08 Horse Collar
13:13 Castle Age
11:49 Double-Bit Axe
12:36 Stone Mining
12:42 Loom
14:09 Heavy Plow
14:30 Bow Saw
21:35 Town Watch
24:42 Wheelbarrow
25:51 Hand Cart
29:27 Imperial Age
27:08 Pikeman
27:49 Squires
28:51 Scale Mail Armor
29:01 Forging
29:31 Halberdier
30:58 Conscription
31:01 Chain Mail Armor
31:42 Yasama
32:03 Treadmill Crane
32:14 Guard Tower
33:41 Plate Mail Armor
33:46 Iron Casting
34:38 Keep
33:48 Arrowslits
36:03 Arrowslits
ME_DEPRIME_JUGAR_CON_USTEDES
8:06 Feudal Age
9:21 Double-Bit Axe
11:48 Castle Age
13:38 Wheelbarrow
19:04 Loom
24:32 Imperial Age
27:43 Imperial Age
28:45 Forging
36:24 Bow Saw
Connection lost

Rejoining the realm…

Still unreachable

The connection could not be restored.

Session expired

The server has moved on; the page needs a fresh start.